 Dungeon Crawl Stone Soup version 0.17-a0-1632-g0af21bd (webtiles) character file.

289 urechis the Ruffian (level 6, -2/62 HPs)
             Began as a Troll Monk on Aug 3, 2015.
             Slain by an ogre
             ... wielding a +0 giant club
              (10 damage)
             ... on level 4 of the Dungeon.
             The game lasted 00:03:04 (2227 turns).

urechis the Ruffian (Troll Monk)                    Turns: 2227, Time: 00:03:04

Health: -2/62      AC:  5    Str: 20    XL:     6   Next: 9%
Magic:  5/5        EV: 10    Int:  6    God:
Gold:   171        SH:  0    Dex: 14    Spells: 0 memorised, 5 levels left

rFire  . . .     SeeInvis .       - Unarmed
rCold  . . .     Clarity  .     a - +0 robe
rNeg   . . .     SustAt   .     (no shield)
rPois  .         Gourm    +     (helmet restricted)
rElec  .         Spirit   .     (no cloak)
rCorr  .         Warding  .     (gloves unavailable)
rMut   .         Stasis   .     (boots unavailable)
MR     .....                    p - amulet of regeneration
Stlth  ++........               (no ring)
                                (no ring)

@: not resistant to hostile enchantments, unstealthy
A: unfitting armour, claws 3, fast metabolism 3, gourmand, regeneration 2,
shaggy fur 1, tough skin 2
a: no special abilities


You were on level 4 of the Dungeon.
You were not hungry.

You visited 1 branch of the dungeon, and saw 4 of its levels.

You collected 171 gold pieces.

Inventory:

Armour
 a - a +0 robe (worn)
Jewellery
 p - an amulet of regeneration (around neck)
Scrolls
 c - 5 scrolls of identify {unknown}
 g - a scroll of enchant weapon {unknown}
 i - 2 scrolls of amnesia {unknown}
 j - a scroll of blinking {unknown}
 q - a scroll of noise {unknown}
 r - a scroll of teleportation {unknown}
Potions
 e - a potion of ambrosia {unknown}
 f - 4 potions of curing {unknown}
 k - 2 potions of might {unknown}
 l - a potion of brilliance {unknown}
 n - 2 potions of degeneration {unknown}
 o - 2 potions of berserk rage {unknown}
 s - a potion of lignification {unknown}
Comestibles
 b - 4 bread rations
 d - a beef jerky
 h - a meat ration
 m - a slice of pizza


   Skills:
 + Level 3.9 Fighting
 - Level 2.4 Dodging
 - Level 1.1 Stealth
 * Level 6.3 Unarmed Combat


You had 5 spell levels left.
You didn't know any spells.

Dungeon Overview and Level Annotations

Branches:
Dungeon (4/15)
 Temple: D:4-7

Altars:
Yredelemnul
Zin
The Shining One


Innate Abilities, Weirdness & Mutations

You are too large for most types of armour.
You have claws for hands.
Your metabolism is lightning-fast.
You like to eat raw meat.
You heal very quickly.
You are covered in fur (AC +1).
You have very tough skin (AC +2).


Message History

You barely miss the ogre.
The ogre is lightly wounded.
The ogre hits you with a giant club!!
You claw the ogre!
The ogre is heavily wounded.
The ogre hits you with a giant club!!
* * * LOW HITPOINT WARNING * * *
You are too injured to fight recklessly!
You are too injured to fight recklessly!
You are too injured to fight recklessly!
You closely miss the ogre.
The ogre is heavily wounded.
You scratch the ogre.
The ogre is severely wounded.
The ogre hits you with a giant club!
* * * LOW HITPOINT WARNING * * *
You scratch the ogre.
The ogre is almost dead.
The ogre hits you with a giant club!
You die...

.. .#.. ##.#.#.....
#[...#.#..## #####
#..........###... ...
#....##........O# ....
#.....#...#####@#.....
#...#.................#
#..#.(#..............#
####......%..)...#.....#
........................
#..###..#........##...##
..## ##.##.#.##### ####
### #.##.#.# #.##.#..#


You could see an ogre.

Vanquished Creatures
  A centaur (D:3)
  2 orc priests (D:3)
  A hound skeleton (D:4)
  6 adders
  3 worms
  3 giant geckos
  7 orcs
  3 ball pythons
  7 bats
  6 giant cockroaches
  3 goblins (D:3)
  10 hobgoblins
  3 jackals (D:1)
  11 kobolds
  4 giant newts
  8 rats
78 creatures vanquished.

Notes
Turn   | Place    | Note
--------------------------------------------------------------
     0 | D:1      | urechis the Troll Monk began the quest for the Orb.
     0 | D:1      | Reached XP level 1. HP: 22/22 MP: 0/0
   129 | D:1      | Reached XP level 2. HP: 29/29 MP: 1/1
   515 | D:2      | Reached XP level 3. HP: 26/36 MP: 2/2
   828 | D:2      | Reached skill level 5 in Unarmed Combat
   828 | D:2      | Reached XP level 4. HP: 36/45 MP: 3/3
  1079 | D:3      | Noticed a centaur
  1085 | D:3      | Killed a centaur
  1085 | D:3      | Reached XP level 5. HP: 28/53 MP: 4/4
  1510 | D:3      | Found a glowing silver altar of Zin.
  1837 | D:3      | Found a basalt altar of Yredelemnul.
  1876 | D:3      | Reached skill level 6 in Unarmed Combat
  2022 | D:3      | Found a glowing golden altar of the Shining One.
  2052 | D:3      | Reached XP level 6. HP: 53/62 MP: 5/5
  2088 | D:3      | Noticed an angel
  2227 | D:4      | Slain by an ogre

Vault maps used:
D:1:      grunt_arrival_lava_bath, minmay_misc_feat_four_crosses
D:3:      corexii_shack_village, grunt_temple_overflow_holy_war, zin_treasury
D:4:      tgw_sif, first_bread

Action                   |  1- 3 |  4- 6 || total
-------------------------+-------+-------++-------
Melee: Unarmed           |    95 |   101 ||   196
 Stab: Sleeping          |     5 |     2 ||     7
  Eat: Chunk             |    10 |     8 ||    18
